FSL
TAMPA YANKEES @ BRADENTON MARAUDERS
05/26/2098
 
TOP OF THE 1ST
Tampa Yankees batting - Pitching for Bradenton Marauders : RHP Joe Roth
Pitching: RHP Joe Roth
Batting: RHB Roberto Cuellar 0-0: Ball
1-0: Ground out 4-3 (Groundball, 4, EV 100.6 MPH)
Batting: RHB Todd Rosenberger 0-0: Swinging Strike
0-1: Ball
1-1: Ball
2-1: Ball
3-1: Base on Balls
Batting: LHB Danny Grimes 0-0: SINGLE (Groundball, 34D, EV 104.4 MPH)
Todd Rosenberger to second
Batting: RHB Jeremy Boland 0-0: Called Strike
0-1: Ball
1-1: Called Strike
1-2: Foul Ball, location: 25F
1-2: Strikes out looking
Batting: RHB George McEneaney 0-0: Swinging Strike
0-1: Ball
1-1: Ball
2-1: Ball
3-1: Fly out, F9 (Flyball, 9S, EV 88.1 MPH)
Top of the 1st over - 0 runs, 1 hit, 0 errors, 2 left on base; Tampa 0 - Bradenton 0
BOTTOM OF THE 1ST
Bradenton Marauders batting - Pitching for Tampa Yankees : LHP Mark Hamm
Pitching: LHP Mark Hamm
Batting: SHB Tom Marks 0-0: Fly out, F8 (Flyball, 8RM, EV 91.9 MPH)
Batting: RHB Ricardo Vilches 0-0: Foul Ball, location: 2F
0-1: Ball
1-1: Ball
2-1: Ball
3-1: Swinging Strike
3-2: Strikes out looking
Batting: RHB John Sexton 0-0: Ball
1-0: Ball
2-0: Fly out, F8 (Flyball, 8LS, EV 95.6 MPH)
Bottom of the 1st over - 0 runs, 0 hits, 0 errors, 0 left on base; Tampa 0 - Bradenton 0
TOP OF THE 2ND
Tampa Yankees batting - Pitching for Bradenton Marauders : RHP Joe Roth
Batting: RHB Dan Edwards 0-0: Ball
1-0: Ball
2-0: Ball
3-0: Base on Balls
Batting: SHB Joel Centeno 0-0: Called Strike
0-1: Called Strike
0-2: Ball
1-2: Ball
2-2: Fielders Choice at 2nd, 4-6 (Groundball, 4, EV 103.8 MPH)
Batting: RHB Alex Gutierrez 0-0: Ball
1-0: Ball
2-0: Swinging Strike
2-1: Ball
3-1: Base on Balls
Joel Centeno to second
Batting: RHB Jason Torres 0-0: Ball
1-0: Fly out, F2 (Popup, 2LF, EV 94.4 MPH)
Batting: RHB Roberto Cuellar 0-0: Ball
1-0: Ball
2-0: Fly out, F7 (Flyball, 7, EV 86.9 MPH)
Top of the 2nd over - 0 runs, 0 hits, 0 errors, 2 left on base; Tampa 0 - Bradenton 0
BOTTOM OF THE 2ND
Bradenton Marauders batting - Pitching for Tampa Yankees : LHP Mark Hamm
Batting: RHB Mike Clinton 0-0: Ball
1-0: Ground out 5-3 (Groundball, 5, EV 97.5 MPH)
Batting: LHB Robby Salinas 0-0: Ball
1-0: Ground out 5-3 (Groundball, 56, EV 88.8 MPH)
Batting: RHB Matt Stuart 0-0: Ball
1-0: Ball
2-0: Swinging Strike
2-1: SINGLE (Line Drive, 7S, EV 93.8 MPH)
Batting: RHB Mike Sanderson 0-0: Ball
1-0: Ball
2-0: Ball
3-0: Called Strike
3-1: Base on Balls
Matt Stuart to second
Batting: RHB Nick Pieper 0-0: Called Strike
0-1: Foul Ball, location: 2F
0-2: Foul Ball, location: 2F
0-2: Strikes out swinging
Bottom of the 2nd over - 0 runs, 1 hit, 0 errors, 2 left on base; Tampa 0 - Bradenton 0
TOP OF THE 3RD
Tampa Yankees batting - Pitching for Bradenton Marauders : RHP Joe Roth
Batting: RHB Todd Rosenberger 0-0: Ball
1-0: Ball
2-0: Called Strike
2-1: Foul Ball, location: 3F
2-2: Ball
3-2: Fly out, F3 (Popup, 3S, EV 73.1 MPH)
Batting: LHB Danny Grimes 0-0: Ball
1-0: Called Strike
1-1: Ball
2-1: Fly out, F9 (Flyball, 9, EV 88.8 MPH)
Batting: RHB Jeremy Boland 0-0: Called Strike
0-1: Ball
1-1: Ball
2-1: Foul Ball, location: 2F
2-2: Fly out, F8 (Flyball, 8RXD, EV 80.0 MPH)
Top of the 3rd over - 0 runs, 0 hits, 0 errors, 0 left on base; Tampa 0 - Bradenton 0
BOTTOM OF THE 3RD
Bradenton Marauders batting - Pitching for Tampa Yankees : LHP Mark Hamm
Batting: RHB Alex Cabrera 0-0: Called Strike
0-1: Ball
1-1: Ball
2-1: Ball
3-1: Base on Balls
Batting: SHB Tom Marks 0-0: Called Strike
0-1: Bunted foul
0-2: Ball
1-2: Ball
2-2: 2-RUN HOME RUN (Flyball, 78XD, EV 103.1 MPH), Distance : 404 ft
Batting: RHB Ricardo Vilches 0-0: Called Strike
0-1: Ball
1-1: Ball
2-1: Ball
3-1: Called Strike
3-2: Base on Balls
Batting: RHB John Sexton 0-0: Ball
1-0: Called Strike
1-1: Ball
2-1: SINGLE (Line Drive, 6D, EV 110.6 MPH)
Ricardo Vilches to second
Batting: RHB Mike Clinton 0-0: Ball
1-0: Ball
2-0: Ball
3-0: Base on Balls
Ricardo Vilches to third
John Sexton to second
Batting: LHB Robby Salinas 0-0: Ball
1-0: Called Strike
1-1: Swinging Strike
1-2: Strikes out looking
Batting: RHB Matt Stuart 0-0: Swinging Strike
0-1: Swinging Strike
0-2: Strikes out swinging
Batting: RHB Mike Sanderson 0-0: Foul Ball, location: 2F
0-1: Ball
1-1: Foul Ball, location: 2F
1-2: Foul Ball, location: 2LF
1-2: Strikes out swinging
Bottom of the 3rd over - 2 runs, 2 hits, 0 errors, 3 left on base; Tampa 0 - Bradenton 2
TOP OF THE 4TH
Tampa Yankees batting - Pitching for Bradenton Marauders : RHP Joe Roth
Batting: RHB George McEneaney 0-0: Foul Ball, location: 9LSF
0-1: Foul Ball, location: 2F
0-2: Strikes out swinging
Batting: RHB Dan Edwards 0-0: Called Strike
0-1: Called Strike
0-2: Ball
1-2: Ground out 6-3 (Groundball, 6, EV 93.8 MPH)
Batting: SHB Joel Centeno 0-0: Ball
1-0: Ball
2-0: Called Strike
2-1: Ball
3-1: Called Strike
3-2: Foul Ball, location: 9LSF
3-2: Foul Ball, location: 2F
3-2: Base on Balls
Pitching: RHP Malik Williams
Batting: RHB Alex Gutierrez 0-0: Called Strike
0-1: Ball
1-1: Swinging Strike
1-2: Fielders Choice at 2nd, U4 (Groundball, 4M, EV 101.9 MPH)
Top of the 4th over - 0 runs, 0 hits, 0 errors, 1 left on base; Tampa 0 - Bradenton 2
BOTTOM OF THE 4TH
Bradenton Marauders batting - Pitching for Tampa Yankees : LHP Mark Hamm
Batting: RHB Nick Pieper 0-0: Ball
1-0: Ball
2-0: Foul Ball, location: 9LSF
2-1: Foul Ball, location: 5FF
2-2: Ball
3-2: Base on Balls
Batting: RHB Alex Cabrera 0-0: Ball
1-0: Fielders Choice at 2nd, 6-4 (Groundball, 6, EV 88.8 MPH)
Batting: SHB Tom Marks 0-0: Fly out, F3 (Popup, 3L, EV 76.3 MPH)
Batting: RHB Ricardo Vilches 0-0: Ball
1-0: Swinging Strike
1-1: Foul Ball, location: 2F
1-2: Strikes out swinging
Bottom of the 4th over - 0 runs, 0 hits, 0 errors, 1 left on base; Tampa 0 - Bradenton 2
TOP OF THE 5TH
Tampa Yankees batting - Pitching for Bradenton Marauders : RHP Malik Williams
Batting: RHB Jason Torres 0-0: Ball
1-0: Foul Ball, location: 9LSF
1-1: Ball
2-1: Ball
3-1: Ground out 3-1 (Groundball, 34, EV 78.8 MPH)
Batting: RHB Roberto Cuellar 0-0: Ground out U3 (Groundball, 3S, EV 70.6 MPH)
Batting: RHB Todd Rosenberger 0-0: Called Strike
0-1: Ball
1-1: Foul Ball, location: 2F
1-2: Ball
2-2: Ball
3-2: Foul Ball, location: 23FF
3-2: Foul Ball, location: 2F
3-2: Ground out 5-3 (Groundball, 56, EV 84.4 MPH)
Top of the 5th over - 0 runs, 0 hits, 0 errors, 0 left on base; Tampa 0 - Bradenton 2
BOTTOM OF THE 5TH
Bradenton Marauders batting - Pitching for Tampa Yankees : LHP Mark Hamm
Batting: RHB John Sexton 0-0: Ball
1-0: Called Strike
1-1: Ball
2-1: Called Strike
2-2: Foul Ball, location: 2F
2-2: Foul Ball, location: 2F
2-2: Ball
3-2: SINGLE (Line Drive, 6M, EV 96.9 MPH)
Batting: RHB Mike Clinton 0-0: Ball
1-0: SINGLE (Groundball, 6MD, EV 106.9 MPH)
John Sexton to second
Batting: LHB Robby Salinas 0-0: Called Strike
0-1: Reached on error, E5 (Groundball, 5S, EV 76.3 MPH)
John Sexton to third
Mike Clinton to second
Batting: RHB Matt Stuart 0-0: Ball
1-0: Ball
2-0: Foul Ball, location: 25FF
2-1: Foul Ball, location: 25F
2-2: Grounds into double play, 5-2-3 (Groundball, 56, EV 88.8 MPH)
Mike Clinton to third
Robby Salinas to second
Batting: RHB Mike Sanderson 0-0: Called Strike
0-1: Ball
1-1: Foul Ball, location: 2F
1-2: Foul Ball, location: 7LDF
1-2: Ball
2-2: Ground out 5-3 (Groundball, 56, EV 90.6 MPH)
Bottom of the 5th over - 0 runs, 2 hits, 1 error, 2 left on base; Tampa 0 - Bradenton 2
TOP OF THE 6TH
Tampa Yankees batting - Pitching for Bradenton Marauders : RHP Malik Williams
Batting: LHB Danny Grimes 0-0: Foul Ball, location: 23FF
0-1: Ball
1-1: SINGLE (Groundball, 6MD, EV 94.4 MPH)
Batting: RHB Jeremy Boland 0-0: DOUBLE (Flyball, 8LXD, EV 105.0 MPH)
Danny Grimes to third
Runner from 3rd tries for Home, SAFE, throw by CF to trailing runner, SAFE at third!
Batting: RHB George McEneaney 0-0: Called Strike
0-1: SINGLE (Line Drive, 4MD, EV 98.1 MPH)
Jeremy Boland scores
Batting: RHB Dan Edwards 0-0: Ball
1-0: Ball
2-0: Called Strike
2-1: Ball
George McEneaney steals 2nd base
3-1: Base on Balls
Batting: SHB Joel Centeno 0-0: Called Strike
0-1: Ball
1-1: Foul Ball, location: 7LSF
1-2: Strikes out swinging
Batting: RHB Alex Gutierrez 0-0: Ball
1-0: Ball
2-0: Called Strike
2-1: Swinging Strike
2-2: Foul Ball, location: 9LMF
2-2: Ball
3-2: Strikes out swinging
Pinch Hitting: RHB Mark Palermo 0-0: Ground out 5-3 (Groundball, 56S, EV 63.8 MPH)
Top of the 6th over - 2 runs, 3 hits, 0 errors, 2 left on base; Tampa 2 - Bradenton 2
BOTTOM OF THE 6TH
Bradenton Marauders batting - Pitching for Tampa Yankees : LHP Mark Hamm
Now at SS: Paul Kneeland
Batting: RHB Nick Pieper 0-0: Called Strike
0-1: Swinging Strike
0-2: Strikes out swinging
Batting: RHB Alex Cabrera 0-0: SINGLE (Groundball, 6, EV 83.8 MPH)
Pitching: LHP Nelson Trevino
Batting: SHB Tom Marks 0-0: Ball
Alex Cabrera is caught stealing 2nd base 2-4
1-0: Hit by Pitch
Batting: RHB Ricardo Vilches 0-0: Ball
1-0: Called Strike
1-1: Ball
2-1: Foul Ball, location: 2F
2-2: Strikes out swinging
Bottom of the 6th over - 0 runs, 1 hit, 0 errors, 1 left on base; Tampa 2 - Bradenton 2
TOP OF THE 7TH
Tampa Yankees batting - Pitching for Bradenton Marauders : RHP Malik Williams
Batting: RHB Roberto Cuellar 0-0: Called Strike
0-1: SINGLE (Groundball, 15, EV 91.3 MPH) (infield hit)
Pitching: LHP Brian Hixson
Batting: RHB Todd Rosenberger 0-0: Foul Ball, location: 2F
0-1: Called Strike
0-2: Ball
1-2: SINGLE (Line Drive, 56D, EV 98.8 MPH)
Roberto Cuellar to second
Pinch Hitting: RHB Zach Womack 0-0: Foul Ball, location: 3F
0-1: Ball
1-1: Called Strike
1-2: Ball
2-2: Ball
3-2: Fly out, F7 (Flyball, 78M, EV 80.0 MPH)
Batting: RHB Jeremy Boland 0-0: Called Strike
0-1: Swinging Strike
0-2: Ball
1-2: Strikes out swinging
Batting: RHB George McEneaney 0-0: Ball
1-0: 3-RUN HOME RUN (Flyball, 7LD, EV 97.5 MPH), Distance : 347 ft
Batting: RHB Dan Edwards 0-0: Fly out, F8 (Flyball, 8LD, EV 98.8 MPH)
Top of the 7th over - 3 runs, 3 hits, 0 errors, 0 left on base; Tampa 5 - Bradenton 2
BOTTOM OF THE 7TH
Bradenton Marauders batting - Pitching for Tampa Yankees : LHP Nelson Trevino
Now in LF: Jake Casey
Batting: RHB John Sexton 0-0: Ball
1-0: Ball
2-0: Ball
3-0: Called Strike
3-1: Swinging Strike
3-2: Base on Balls
Batting: RHB Mike Clinton 0-0: Ball
1-0: Ball
2-0: Fly out, F7 (Flyball, 7S, EV 94.4 MPH)
Pinch Hitting: RHB Mike Mays 0-0: Called Strike
0-1: Ball
1-1: Ball
John Sexton is caught stealing 2nd base 2-4
2-1: Ball
3-1: Foul Ball, location: 5SF
3-2: Fly out, F6 (Popup, 6S, EV 75.6 MPH)
Bottom of the 7th over - 0 runs, 0 hits, 0 errors, 0 left on base; Tampa 5 - Bradenton 2
TOP OF THE 8TH
Tampa Yankees batting - Pitching for Bradenton Marauders : LHP Brian Hixson
Now in LF: Noel Jacobs
Batting: SHB Joel Centeno 0-0: Ball
1-0: Foul Ball, location: 2F
1-1: Fly out, F9 (Flyball, 89S, EV 82.5 MPH)
Batting: RHB Alex Gutierrez 0-0: Called Strike
0-1: Foul Ball, location: 2F
0-2: Foul Ball, location: 2F
0-2: Ball
1-2: Ground out 6-3 (Groundball, 56, EV 105.6 MPH)
Batting: SHB Paul Kneeland 0-0: Called Strike
0-1: Ball
1-1: Swinging Strike
1-2: Foul Ball, location: 3FF
1-2: Foul Ball, location: 5FF
1-2: Ground out 4-3 (Groundball, 4, EV 108.8 MPH)
Top of the 8th over - 0 runs, 0 hits, 0 errors, 0 left on base; Tampa 5 - Bradenton 2
BOTTOM OF THE 8TH
Bradenton Marauders batting - Pitching for Tampa Yankees : LHP Nelson Trevino
Batting: RHB Matt Stuart 0-0: Ball
1-0: Ground out 4-3 (Groundball, 4M, EV 106.9 MPH)
Batting: RHB Mike Sanderson 0-0: Ball
1-0: Ball
2-0: Called Strike
2-1: SINGLE (Groundball, 6M, EV 99.4 MPH) (infield hit)
Batting: RHB Nick Pieper 0-0: Ball
1-0: Ball
2-0: Ball
3-0: Called Strike
3-1: Base on Balls
Mike Sanderson to second
Batting: RHB Alex Cabrera 0-0: Ball
1-0: SINGLE (Groundball, 4, EV 77.5 MPH)
Mike Sanderson to third
Nick Pieper to second
Pinch Hitting: RHB Gabriel Torres 0-0: Swinging Strike
0-1: Fly out, F9 (Flyball, 9, EV 92.5 MPH)
Batting: RHB Ricardo Vilches 0-0: Ball
1-0: Foul Ball, location: 2F
1-1: Ball
2-1: SINGLE (Line Drive, 7LS, EV 102.5 MPH)
Mike Sanderson scores
Nick Pieper to third
Alex Cabrera to second
Runner from 3rd tries for Home, SAFE, throw by LF to home
Batting: RHB John Sexton 0-0: Called Strike
0-1: Ball
1-1: Swinging Strike
1-2: Ball
2-2: Ball
3-2: Base on Balls
Alex Cabrera to third
Ricardo Vilches to second
Batting: RHB Mike Clinton 0-0: Ball
1-0: Ball
2-0: Called Strike
2-1: Foul Ball, location: 3F
2-2: Fielders Choice at 2nd, 6-4 (Groundball, 6, EV 85.6 MPH)
Bottom of the 8th over - 2 runs, 3 hits, 0 errors, 3 left on base; Tampa 5 - Bradenton 4
TOP OF THE 9TH
Tampa Yankees batting - Pitching for Bradenton Marauders : LHP Brian Hixson
Pitching: RHP David Cullison
Now in CF: Justin Anselmi
Batting: RHB Roberto Cuellar 0-0: Fly out, F1 (Line Drive, P, EV 70.6 MPH)
Batting: RHB Todd Rosenberger 0-0: Ball
1-0: Ball
2-0: Swinging Strike
2-1: Fly out, F8 (Flyball, 8LS, EV 94.4 MPH)
Batting: RHB Jake Casey 0-0: Called Strike
0-1: Called Strike
0-2: Ball
1-2: Ball
2-2: Strikes out swinging
Top of the 9th over - 0 runs, 0 hits, 0 errors, 0 left on base; Tampa 5 - Bradenton 4
BOTTOM OF THE 9TH
Bradenton Marauders batting - Pitching for Tampa Yankees : LHP Nelson Trevino
Batting: RHB Noel Jacobs 0-0: Foul Ball, location: 2F
0-1: Fly out, F9 (Flyball, 9D, EV 93.8 MPH)
Batting: RHB Matt Stuart 0-0: SINGLE (Groundball, 6MD, EV 98.8 MPH)
Batting: RHB Mike Sanderson 0-0: Ball
1-0: Ball
2-0: Ball
3-0: Base on Balls
Matt Stuart to second
Batting: RHB Nick Pieper 0-0: Fielders Choice at 2nd, 3-6 (Groundball, 3, EV 97.5 MPH)
Matt Stuart to third
Batting: RHB Alex Cabrera 0-0: Ball
1-0: Called Strike
1-1: Ball
2-1: Ball
3-1: Base on Balls
Nick Pieper to second
Pitching: RHP Jim Unknown
Batting: RHB Justin Anselmi 0-0: Foul Ball, location: 9LMF
0-1: Ball
1-1: Foul Ball, location: 5F
1-2: Ball
2-2: Foul Ball, location: 5SF
2-2: Strikes out looking
Bottom of the 9th over - 0 runs, 1 hit, 0 errors, 3 left on base; Tampa 5 - Bradenton 4
Thursday, April 4th , 2024 - OOTP Baseball 24.11 Build 85